[Event "Schack-SM 2024: Junior-SM"]
[Site "Fortnox Arena, Hejaregatan 5, Vaxjo, Sweden"]
[Date "2024.07.07"]
[Round "9.1"]
[White "Strom-Engdahl, Alexander"]
[Black "Seo, Jung Hyun"]
[Result "1-0"]
[TimeControl "90 minutes for 40 moves + 30 minutes for the rest of the game + 30 seconds per move from move one."]
[WhiteElo "2191"]
[BlackElo "2137"]

1. e4 c6 2. d4 d5 3. e5 c5 4. dxc5 e6 5. a3 Bxc5 6. Qg4 Kf8 7. Nf3 Nc6 8. Bd3 Nge7 9. b4 Bb6 10.
b5 Na5 11. O-O Bd7 12. a4 Rc8 13. Nbd2 Nf5 14. Ba3+ Kg8 15. Rac1 Bc5 16. Bxc5 Rxc5 17. c4 Qc8 18. Rc2 h6 19. Rfc1 b6 20. cxd5 exd5 21.
Qb4 Rxc2 22. Rxc2 Qd8 23. g4 Nh4 24. Qd6 Nc4 25. Bxc4 Nxf3+ 26. Nxf3 dxc4 27. Rd2 Qa8 28. Qxd7 Qxf3 29.
Qc8+ Kh7 30. Qxc4 Re8 31. Re2 Kg8 32. Re3 Qd1+ 33. Kg2 Re6 34. Qe4 Re8 35. h3 h5 36. Re1 Qd2 37. Re2 Qd1 38. f4 h4 39. Qc4 Rd8 40. e6 fxe6 41. Qxe6+ Kh8 42. g5 Rd2 43. Qe8+ Kh7 44. g6+ Kxg6 1-0

[Event "Schack-SM 2024: Junior-SM"]
[Site "Fortnox Arena, Hejaregatan 5, Vaxjo, Sweden"]
[Date "2024.07.07"]
[Round "9.2"]
[White "Grahn, Vidar"]
[Black "Soderstrom, Adrian"]
[Result "1/2-1/2"]
[TimeControl "90 minutes for 40 moves + 30 minutes for the rest of the game + 30 seconds per move from move one."]
[WhiteTitle "FM"]
[BlackTitle "FM"]
[WhiteElo "2264"]
[BlackElo "2351"]

1. Nf3 Nf6 2. g3 g6 3. Bg2 Bg7 4. O-O O-O 5. d4 d5 6. c4 c6 7. cxd5 cxd5 8. Nc3 Ne4 9. Ne5 Bf5 10.
Be3 Nxc3 1/2-1/2

[Event "Schack-SM 2024: Junior-SM"]
[Site "Fortnox Arena, Hejaregatan 5, Vaxjo, Sweden"]
[Date "2024.07.07"]
[Round "9.3"]
[White "Rasti, Arvin"]
[Black "Nilsson, Oliver"]
[Result "1/2-1/2"]
[TimeControl "90 minutes for 40 moves + 30 minutes for the rest of the game + 30 seconds per move from move one."]
[WhiteTitle "FM"]
[WhiteElo "2210"]
[BlackElo "2099"]

1. Nf3 Nf6 2. d4 d5 3. c4 c6 4. Qc2 g6 5. Bf4 Bg7 6. e3 O-O 7. Nc3 Bf5 8. Qb3 Qb6 9. Be2 Nbd7 10.
h3 dxc4 11. Bxc4 Qxb3 12. Bxb3 Bd3 13. O-O-O Ba6 14. e4 Nh5 15. Be3 e5 16. dxe5 Nxe5 17. Nxe5 Bxe5 18. Bc5 Rfd8 19. Rxd8+ Rxd8 20.
Bxa7 Nf4 21. g3 Bxc3 22. bxc3 Ne2+ 23. Kc2 Bd3+ 24. Kb2 Bxe4 25. Rd1 Rxd1 26. Bxd1 Bd3 27. h4 h6 28. Be3 Kg7 29.
Ka3 g5 30. hxg5 hxg5 31. Kb4 Kg6 32. Bb3 f5 33. Be6 f4 34. gxf4 Nxf4 35. Bxf4 gxf4 36. Ka5 Bf5 37. Bb3 f3 38.
Kb6 Kg5 39. Kxb7 Kh4 40. Bd1 Be4 41. Kb6 Kh3 42. c4 Kg2 43. c5 Kxf2 44. a4 Ke3 45. Bxf3 Bxf3 46. a5 Be2 47. Kxc6 Kd4 48.
Kd6 Ba6 49. Kc6 Be2 50. Kb6 Kd5 51. c6 Kd6 52. c7 Ba6 53. c8=N Bxc8 54. a6 Bxa6 1/2-1/2

[Event "Schack-SM 2024: Junior-SM"]
[Site "Fortnox Arena, Hejaregatan 5, Vaxjo, Sweden"]
[Date "2024.07.07"]
[Round "9.4"]
[White "Frank, Anton 2006"]
[Black "Wernberg, Hugo"]
[Result "1/2-1/2"]
[TimeControl "90 minutes for 40 moves + 30 minutes for the rest of the game + 30 seconds per move from move one."]
[BlackTitle "FM"]
[WhiteElo "2131"]
[BlackElo "2208"]

1. e4 e5 2. Nf3 Nc6 3. Bb5 a6 4. Ba4 Nf6 5. O-O Be7 6. Re1 b5 7. Bb3 d6 8. c3 O-O 9. h3 Na5 10.
Bc2 c5 11. d4 Nd7 12. d5 Nb6 13. Nbd2 c4 14. b4 cxb3 15. axb3 Nb7 16. Nf1 Bd7 17. Ne3 Qc7 18. Bd2 a5 19.
Qe2 Ra7 20. Ra3 Rfa8 21. Rea1 Nc5 22. Qd1 a4 23. b4 Na6 24. Qe2 Qd8 25. Bd3 Qe8 26. Kh2 Nc7 27. g4 f6 28. Ne1 g6 29.
N1c2 Qf7 30. Rg1 Kh8 31. Qf3 Rf8 32. Raa1 Rb7 33. Na3 Nba8 34. Rg2 Ne8 35. c4 Nac7 36. Nxb5 Nxb5 37. cxb5 Nc7 38.
Rxa4 Bxb5 39. Bxb5 Nxb5 40. Nc2 Rc8 41. Qd3 Qe8 42. Ra2 Bd8 43. Rg1 Bb6 44. Kg2 f5 45. exf5 gxf5 46. gxf5 Rg7+ 47.
Kf1 Rxg1+ 48. Kxg1 Qh5 49. Be1 h6 50. Kh2 Rg8 51. Ra6 Qg5 52. Qg3 Qxf5 53. Qh4 Qg6 54. Qg4 Qxc2 55. Qe6 Qg6 56.
Qxg6 Rxg6 57. Rxb6 Nd4 58. Rb8+ Kg7 59. h4 Nf3+ 60. Kh3 Ng1+ 61. Kh2 Nf3+ 62. Kh3 Ng1+ 63. Kh2 Nf3+ 1/2-1/2

[Event "Schack-SM 2024: Junior-SM"]
[Site "Fortnox Arena, Hejaregatan 5, Vaxjo, Sweden"]
[Date "2024.07.06"]
[Round "8.3"]
[White "Wernberg, Hugo"]
[Black "Grahn, Vidar"]
[Result "1/2-1/2"]
[TimeControl "90 minutes for 40 moves + 30 minutes for the rest of the game + 30 seconds per move from move one."]
[WhiteTitle "FM"]
[BlackTitle "FM"]
[WhiteElo "2208"]
[BlackElo "2264"]

1. c4 e5 2. g3 Nf6 3. Bg2 c6 4. Nf3 e4 5. Nd4 d5 6. cxd5 cxd5 7. d3 Bd7 8. Nc3 Bb4 9. O-O O-O 10.
Bg5 Bxc3 11. bxc3 h6 12. Bxf6 Qxf6 13. dxe4 dxe4 14. Bxe4 Nc6 15. e3 Rac8 16. Qf3 Qxf3 17. Bxf3 b6 18.
Bxc6 Bxc6 19. Rfc1 Bd5 20. Kf1 Rc5 21. Ke2 Rfc8 22. Kd3 Bc4+ 23. Kd2 g5 24. e4 g4 25. Ke3 Be6 26. Kd3 Bc4+ 27.
Ke3 Be6 28. Kd2 Bc4 29. Nf5 Rd8+ 30. Nd4 Rdc8 1/2-1/2

[Event "Schack-SM 2024: Junior-SM"]
[Site "Fortnox Arena, Hejaregatan 5, Vaxjo, Sweden"]
[Date "2024.07.06"]
[Round "8.4"]
[White "Nilsson, Oliver"]
[Black "Valcu, Lavinia"]
[Result "1-0"]
[TimeControl "90 minutes for 40 moves + 30 minutes for the rest of the game + 30 seconds per move from move one."]
[WhiteElo "2099"]
[BlackElo "1971"]

1. e4 c6 2. d4 d5 3. e5 Bf5 4. h4 h6 5. g4 Be4 6. f3 Bh7 7. e6 Nf6 8. exf7+ Kxf7 9. f4 e6 10.
Nf3 Nbd7 11. Bd3 Ne4 12. Nbd2 Be7 13. Rh3 c5 14. Qe2 Nxd2 15. Bxd2 Bxd3 16. Qxd3 c4 17. Qe2 Rc8 18. c3 Rc6 19.
Kf2 Rf8 20. Kg2 Kg8 21. Rah1 Rb6 22. Bc1 Nf6 23. Ne5 Ne4 24. g5 Qe8 25. gxh6 gxh6 26. Kh2 Kh7 27. h5 Bd6 28. Rg1 Bxe5 29.
dxe5 Rc6 30. Rg6 Rf5 31. Qg4 Rc7 32. Be3 b6 33. Kh1 Qf7 34. Rh2 Re7 35. Rg2 Rd7 36. Kg1 Re7 37. Qh3 Rd7 38.
R2g4 Re7 39. Qg2 Rxh5 40. f5 exf5 41. e6 Qf8 42. Rg8 Qf6 43. R4g6 Ng5 44. Rxf6 Kxg8 45. Qxd5 Kg7 46. Bd4 1-0

[Event "Schack-SM 2024: Junior-SM"]
[Site "Fortnox Arena, Hejaregatan 5, Vaxjo, Sweden"]
[Date "2024.07.06"]
[Round "8.5"]
[White "Falkevall, Axel"]
[Black "Frank, Anton 2006"]
[Result "1-0"]
[TimeControl "90 minutes for 40 moves + 30 minutes for the rest of the game + 30 seconds per move from move one."]
[WhiteTitle "FM"]
[WhiteElo "2318"]
[BlackElo "2131"]

1. d4 d5 2. c4 e6 3. Nf3 Nf6 4. Nc3 Nbd7 5. cxd5 exd5 6. Bf4 Bb4 7. e3 Ne4 8. Qc2 g5 9. Be5 Nxe5 10.
Nxe5 c6 11. Bd3 f6 12. Nf3 Qe7 13. a3 Bxc3+ 14. bxc3 Nd6 15. O-O Be6 16. Nd2 O-O-O 17. Rfb1 Kb8 18. a4 h5 19. a5 h4 20.
Nb3 h3 21. g3 Bg8 22. Nc5 Ka8 23. Rb6 Bh7 24. Bxh7 Qxh7 25. a6 axb6 26. axb7+ Kb8 27. Ra8+ Kc7 28. Qxh7+ Rxh7 29. Rxd8 Kxd8 30.
b8=Q+ Nc8 31. Ne6+ Ke7 32. Qc7+ Kxe6 33. Qxh7 g4 34. Qg8+ Kd7 35. Qxg4+ 1-0

[Event "Schack-SM 2024: Junior-SM"]
[Site "Fortnox Arena, Hejaregatan 5, Vaxjo, Sweden"]
[Date "2024.07.06"]
[Round "8.1"]
[White "Soderstrom, Adrian"]
[Black "Strom-Engdahl, Alexander"]
[Result "1/2-1/2"]
[TimeControl "90 minutes for 40 moves + 30 minutes for the rest of the game + 30 seconds per move from move one."]
[WhiteTitle "FM"]
[WhiteElo "2351"]
[BlackElo "2191"]

1. e4 c5 2. Nf3 Nc6 3. d4 cxd4 4. Nxd4 e5 5. Nb5 d6 6. N1c3 a6 7. Na3 Be7 8. Nc4 b5 9. Ne3 Nf6 10.
Bd3 O-O 11. a4 b4 12. Ncd5 Nxd5 13. Nxd5 Bg5 14. O-O Bxc1 15. Qxc1 Be6 16. Qe3 a5 17. c3 Rb8 18. Rad1 Kh8 19.
Bb5 Bxd5 20. Rxd5 Ne7 21. Rd2 bxc3 22. Qxc3 Qb6 23. Rfd1 Rbd8 24. Qa3 Nc8 25. b4 f5 26. bxa5 Qxa5 27.
Qe3 Na7 28. Rd5 fxe4 29. Qxe4 Qb6 30. Qe3 Qxe3 31. fxe3 Nxb5 32. Rxb5 Ra8 33. a5 Ra6 34. Rdd5 Kg8 35. Rb6 Rxb6 36.
axb6 Rd8 37. b7 Rb8 38. Rxd6 Rxb7 39. Rd5 Re7 40. Kf2 Kf7 41. Kf3 Kf6 42. Ke4 Re6 43. Ra5 1/2-1/2

[Event "Schack-SM 2024: Junior-SM"]
[Site "Fortnox Arena, Hejaregatan 5, Vaxjo, Sweden"]
[Date "2024.07.06"]
[Round "8.2"]
[White "Seo, Jung Hyun"]
[Black "Rasti, Arvin"]
[Result "0-1"]
[TimeControl "90 minutes for 40 moves + 30 minutes for the rest of the game + 30 seconds per move from move one."]
[BlackTitle "FM"]
[WhiteElo "2137"]
[BlackElo "2210"]

1. e4 c5 2. Nf3 d6 3. d4 cxd4 4. Nxd4 Nf6 5. Nc3 Nc6 6. f3 e5 7. Nb3 Be7 8. Be3 Be6 9. Nd5 h6 10.
Qd2 O-O 11. Be2 Bxd5 12. exd5 Nb8 13. c4 a5 14. O-O Nfd7 15. Qc2 Bg5 16. Bf2 Na6 17. Qc3 b6 18. Nd2 f5 19. Rad1 Qc7 20.
Nb1 Bf6 21. Qc2 e4 22. fxe4 fxe4 23. Qxe4 Rae8 24. Qc2 Nb4 25. Qd2 Bg5 26. Qe1 Nc2 27. Qc3 Rxe2 28. Qd3 Rexf2 29. Rxf2 Be3 30.
Qxc2 Rxf2 31. Qa4 b5 32. Qa3 Rd2+ 33. Qxe3 Rxd1+ 34. Kf2 Ne5 35. Qh3 Qf7+ 36. Ke2 Qf1+ 0-1

[Event "Schack-SM 2024: Junior-SM"]
[Site "Fortnox Arena, Hejaregatan 5, Vaxjo, Sweden"]
[Date "2024.07.05"]
[Round "7.1"]
[White "Rasti, Arvin"]
[Black "Soderstrom, Adrian"]
[Result "1-0"]
[TimeControl "90 minutes for 40 moves + 30 minutes for the rest of the game + 30 seconds per move from move one."]
[WhiteTitle "FM"]
[BlackTitle "FM"]
[WhiteElo "2210"]
[BlackElo "2351"]

1. Nf3 d5 2. c4 d4 3. b4 g5 4. Nxg5 e5 5. d3 Bxb4+ 6. Bd2 Be7 7. Nf3 Bf6 8. Qc1 Nc6 9. g3 h5 10. h4 Bg4 11. Bg2 Nge7 12. O-O Rg8 13. Bg5 Bh8 14. Qb2 f6 15. Bc1 Qd7 16. Re1 Rb8 17. Nbd2 Nd8 18. Rb1 Ne6 19. Ne4 Kf7 20. Kh2 Bf5 21. Qa3 Bxe4 22. dxe4 b6 23. Bh3 Qc6 24. Nd2 Nc5 25. Qf3 Bg7 26. Qxh5+ Kf8 27.
Ba3 Rh8 28. Qg4 Bh6 29. Nf3 Rd8 30. Red1 Rd6 31. Rb5 a6 32. Bxc5 axb5 33. Bxd6 cxd6 34. cxb5 Qxb5 35. Qe6 Bg7 36.
Rc1 Rh7 37. Rc7 Bh6 38. Qxf6+ Ke8 39. Qe6 Kd8 40. Qxe7+ Rxe7 41. Rc8# 1-0

[Event "Schack-SM 2024: Junior-SM"]
[Site "Fortnox Arena, Hejaregatan 5, Vaxjo, Sweden"]
[Date "2024.07.05"]
[Round "7.2"]
[White "Strom-Engdahl, Alexander"]
[Black "Wernberg, Hugo"]
[Result "1/2-1/2"]
[TimeControl "90 minutes for 40 moves + 30 minutes for the rest of the game + 30 seconds per move from move one."]
[BlackTitle "FM"]
[WhiteElo "2191"]
[BlackElo "2208"]

1. e4 e5 2. Nf3 Nc6 3. Bc4 Nf6 4. d3 h6 5. O-O d6 6. a4 g6 7. Nc3 Bg7 8. h3 O-O 9. Be3 Ne7 10.
Qd2 Kh7 11. Rae1 c5 12. Nh2 Nh5 13. g4 Nf4 14. Bxf4 exf4 15. Qxf4 g5 16. Qd2 Ng6 17. Ne2 Bd7 18. b3 Bc6 19.
f4 gxf4 20. Nxf4 Qg5 21. Re2 Bc3 22. Qc1 f5 23. Ne6 Qxc1 24. Rxc1 fxe4 25. dxe4 Nf4 26. Nxf4 Rxf4 27. Be6 Re8 28.
Bf5+ Kg7 29. Rf1 Bd4+ 30. Kg2 Bxe4+ 31. Bxe4 Rfxe4 32. Rxe4 Rxe4 33. Nf3 Re2+ 34. Kg3 Rxc2 35. Nxd4 cxd4 36.
Rd1 Rc3+ 37. Kf4 d3 38. Ke4 d2 39. Rxd2 Rxh3 40. Rxd6 Rxb3 41. Kf5 Rf3+ 42. Ke5 Re3+ 43. Kf5 Rf3+ 44.
Ke5 Rf7 45. a5 Rc7 46. Kf5 Rc5+ 47. Kf4 Rxa5 48. Rd7+ Kf6 49. Rxb7 Ra4+ 50. Kg3 Ra1 51. Kf4 Ra6 52. Rh7 Kg6 53.
Rc7 Rf6+ 54. Kg3 a6 55. Kh4 Rb6 56. Ra7 Kf6 57. Kh5 Ke5 58. Rh7 Kf4 59. Kh4 Rf6 60. Ra7 Kf3 61. Kh5 Rb6 62.
Kh4 Rf6 63. Kh5 Kg3 64. g5 hxg5 65. Kxg5 Rb6 66. Kf5 Kf3 67. Ke5 Ke3 68. Kd5 Kd3 69. Kc5 Rh6 70. Kb4 Kd4 71. Rd7 Ke5 72.
Ka5 Rg6 73. Ra7 Kd5 74. Rxa6 Rxa6+ 75. Kxa6 1/2-1/2

[Event "Schack-SM 2024: Junior-SM"]
[Site "Fortnox Arena, Hejaregatan 5, Vaxjo, Sweden"]
[Date "2024.07.05"]
[Round "7.3"]
[White "Valcu, Lavinia"]
[Black "Seo, Jung Hyun"]
[Result "1/2-1/2"]
[TimeControl "90 minutes for 40 moves + 30 minutes for the rest of the game + 30 seconds per move from move one."]
[WhiteElo "1971"]
[BlackElo "2137"]

1. d4 d5 2. c4 e6 3. Nc3 Nf6 4. Bg5 Be7 5. e3 Nbd7 6. Nf3 h6 7. Bxf6 Nxf6 8. c5 c6 9. Bd3 b6 10.
b4 a5 11. a3 Ba6 12. O-O Bxd3 13. Qxd3 b5 14. Ne5 Qc7 15. f4 O-O 16. Rfb1 Nd7 17. Nxd7 Qxd7 18. a4 axb4 19. Rxb4 Bd8 20.
Rbb1 bxa4 21. Nxa4 Ra7 22. Nb6 Qb7 23. Kf2 Rxa1 24. Rxa1 Bc7 25. Ra6 Bxb6 26. Rxb6 Qd7 27. Qa6 Rc8 28.
g3 Rc7 29. Rb8+ Kh7 30. Qa8 Ra7 31. Rh8+ Kg6 32. Qc8 Ra2+ 33. Kf3 Qa7 34. Kg4 Rxh2 35. f5+ Kf6 36. Qd8+ Qe7 37. fxe6 Qxd8 38. Rxd8 g5 39. Kf3 fxe6 40.
g4 Ra2 41. Rd6 Ra6 1/2-1/2

[Event "Schack-SM 2024: Junior-SM"]
[Site "Fortnox Arena, Hejaregatan 5, Vaxjo, Sweden"]
[Date "2024.07.05"]
[Round "7.4"]
[White "Grahn, Vidar"]
[Black "Frank, Anton 2006"]
[Result "1/2-1/2"]
[TimeControl "90 minutes for 40 moves + 30 minutes for the rest of the game + 30 seconds per move from move one."]
[WhiteTitle "FM"]
[WhiteElo "2264"]
[BlackElo "2131"]

1. d4 d5 2. c4 e6 3. Nc3 c5 4. cxd5 cxd4 5. Qa4+ Bd7 6. Qxd4 exd5 7. Bf4 Nf6 8. Bxb8 Rxb8 9. e3 Be7 10.
Bd3 O-O 11. Nge2 Bc6 12. Qxa7 Nd7 13. Qd4 Bf6 14. Qf4 Nc5 15. Rd1 Ne6 16. Qg4 b5 17. Nd4 Nxd4 18. exd4 Re8+ 19. Ne2 Qa5+ 20.
Rd2 g6 21. Qf4 Bg7 22. O-O b4 23. Rc2 Bb5 24. Rc5 Qa6 25. Bxb5 Rxb5 26. Rc7 Qf6 27. Qd2 Rb6 28. Rfc1 Rbe6 29.
Rc8 Bf8 30. Rxe8 Rxe8 31. Ng3 h5 32. Nf1 Qa6 33. b3 Re2 34. Qf4 Rxa2 35. Ne3 Qe6 36. Qf3 Bh6 37. Qg3 Bxe3 38. fxe3 Re2 39.
Re1 Rb2 40. Qb8+ Kg7 41. Qf4 Rxb3 42. h3 Rb2 43. Kh2 b3 44. e4 dxe4 45. Rxe4 Qf6 46. Qg3 Rb1 47. Qd3 Qd6+ 48. Re5 f6 49.
Qxb1 fxe5 50. Qxb3 exd4+ 51. Qg3 Qd7 52.
Qd3 Qd5 53. Kh1 Qe5 54. Qc4 Kf6 55. Qc6+ Kg5 56. h4+ Kf5 57. Qd7+ Ke4 58. Qc6+ Kd3 59. Qxg6+ Kc3 60. Qc6+ Kd2 61.
Qh6+ Kd1 62. Qg5 Qe1 63. Kh2 Qe2 64. Qa5 d3 65. Qa1+ Kd2 66. Qb2+ Kd1 67. Qb1+ Kd2 68. Qb2+ Ke1 69.
Qc1+ Qd1 70. Qe3+ Kf1 71. Qf4+ Ke2 72. Qe4+ Kd2 73. Qb4+ Ke3 74. Qc5+ Ke4 75. Qc4+ Ke3 76. Qc5+ Kd2 77.
Qb4+ Ke2 78. Qe4+ Kf1 79. Qf4+ Ke1 80. Qe3+ Qe2 81. Qc1+ Kf2 82. Qf4+ Ke1 83. Qc1+ 1/2-1/2

[Event "Schack-SM 2024: Junior-SM"]
[Site "Fortnox Arena, Hejaregatan 5, Vaxjo, Sweden"]
[Date "2024.07.05"]
[Round "7.5"]
[White "Nilsson, Oliver"]
[Black "Falkevall, Axel"]
[Result "0-1"]
[TimeControl "90 minutes for 40 moves + 30 minutes for the rest of the game + 30 seconds per move from move one."]
[BlackTitle "FM"]
[WhiteElo "2099"]
[BlackElo "2318"]

1. e4 e6 2. d4 d5 3. exd5 exd5 4. c4 Nf6 5. Nc3 Bb4 6. Nf3 O-O 7. Be2 dxc4 8. Bxc4 Nc6 9. O-O Bg4 10.
Be3 Rb8 11. Be2 Nd5 12. Bg5 Be7 13. Bxe7 Ncxe7 14. h3 Bf5 15. Ne5 f6 16. Nc4 Kh8 17. Qd2 c6 18. Bf3 Be6 19. Rfe1 Bf7 20.
Ne3 Nxe3 21. fxe3 f5 22. Rad1 Nd5 23. e4 fxe4 24. Nxe4 Bg8 25. Nc5 Nf4 26. Bg4 h5 27. Re4 Qd6 28.
Rf1 g5 29. Bf3 Bc4 30. Rfe1 Bd5 31. Re5 Bxf3 32. gxf3 Rbd8 33. Ne6 Nxe6 34. Rxe6 Qg3+ 35. Qg2 Qxg2+ 36. Kxg2 Rxd4 37. R1e2 Kg7 38.
R2e5 Rd2+ 39. Kg1 Rxb2 40. Rxg5+ Kf7 41. Reg6 Rd8 42. Rg7+ Ke6 43. R7g6+ Kd7 44. Rxh5 Kc7 45. Rg2 Rdd2 46.
Rxd2 Rxd2 47. Rg5 Kd6 48. h4 c5 49. h5 c4 50. Rg2 Rd1+ 51. Kh2 Rd5 52. Rg6+ Kc5 53. h6 c3 54. f4 c2 55.
Rg1 Kc4 56. f5 Rxf5 57. Rg4+ Kd5 0-1

[Event "Schack-SM 2024: Junior-SM"]
[Site "Fortnox Arena, Hejaregatan 5, Vaxjo, Sweden"]
[Date "2024.07.04"]
[Round "6.1"]
[White "Wernberg, Hugo"]
[Black "Rasti, Arvin"]
[Result "1-0"]
[TimeControl "90 minutes for 40 moves + 30 minutes for the rest of the game + 30 seconds per move from move one."]
[WhiteTitle "FM"]
[BlackTitle "FM"]
[WhiteElo "2208"]
[BlackElo "2210"]

1. e4 c5 2. Nf3 d6 3. d4 cxd4 4. Nxd4 Nf6 5. Nc3 Nc6 6. Bg5 e6 7. Qd2 a6 8. O-O-O Bd7 9. Nxc6 Bxc6 10.
f3 Be7 11. h4 Qa5 12. Kb1 b5 13. Bd3 Qc7 14. Ne2 Bd7 15. g4 h5 16.
gxh5 Rxh5 17. f4 Bc6 18. Nd4 Bb7 19. e5 1-0

[Event "Schack-SM 2024: Junior-SM"]
[Site "Fortnox Arena, Hejaregatan 5, Vaxjo, Sweden"]
[Date "2024.07.04"]
[Round "6.2"]
[White "Soderstrom, Adrian"]
[Black "Valcu, Lavinia"]
[Result "1-0"]
[TimeControl "90 minutes for 40 moves + 30 minutes for the rest of the game + 30 seconds per move from move one."]
[WhiteTitle "FM"]
[WhiteElo "2351"]
[BlackElo "1971"]

1. e4 c5 2. Nf3 d6 3. d4 cxd4 4. Nxd4 Nf6 5. Nc3 a6 6. Bg5 e6 7. f4 Be7 8. Qf3 Qc7 9. O-O-O Nbd7 10.
g4 h6 11. Bxf6 Bxf6 12. h4 Nb6 13. g5 Bxd4 14. Rxd4 Qc5 15. Qf2 Bd7 16. e5 Bc6 17. Rh3 Nd7 18. exd6 b5 19. Nd1 Bd5 20.
Bg2 Nb6 21. Bxd5 Nxd5 22. Nc3 Qxd6 23. Nxd5 exd5 24. Re3+ Kf8 25. Qd2 Kg8 26. Rxd5 Qc6 27. Rd6 Qh1+ 28. Re1 Qxh4 29. g6 fxg6 30.
Rxg6 Kh7 31. Rxg7+ Kxg7 32. Qd7+ Kg6 33. Qe6+ Kg7 34. Qd7+ Kg6 35. f5+ Kh5 36. Qf7+ Kg5 37. Qg6+ Kf4 38.
Rf1+ Ke5 39. Qe6+ Kd4 40. Rd1+ Kc5 41. Qd6+ Kc4 42. b3+ Kc3 43. Rd3# 1-0

[Event "Schack-SM 2024: Junior-SM"]
[Site "Fortnox Arena, Hejaregatan 5, Vaxjo, Sweden"]
[Date "2024.07.04"]
[Round "6.3"]
[White "Frank, Anton 2006"]
[Black "Strom-Engdahl, Alexander"]
[Result "0-1"]
[TimeControl "90 minutes for 40 moves + 30 minutes for the rest of the game + 30 seconds per move from move one."]
[WhiteElo "2131"]
[BlackElo "2191"]

1. e4 c5 2. Nf3 Nc6 3. Bb5 g6 4. O-O Bg7 5. c3 e5 6. d4 cxd4 7. cxd4 exd4 8. Bf4 a6 9. Ba4 Nge7 10.
Bd6 b5 11. Bb3 Bb7 12. Ng5 O-O 13. Qf3 Qe8 14. Qg3 h6 15. Nf3 Na5 16. Nbd2 Rc8 17. Rfe1 Qd8 18. a3 Nxb3 19. Nxb3 Re8 20.
Rad1 Qb6 21. Nbxd4 Rc4 22. Be5 d6 23. Bxg7 Kxg7 24. h4 h5 25. Qf4 Ng8 26. Ng5 Nh6 27. Nde6+ fxe6 28. Rxd6 Qc7 29.
Red1 Nf7 30. Nxf7 Qxf7 31. Qe5+ Kh7 32. Rd8 Rc1 33. Qb8 Rxd1+ 0-1

[Event "Schack-SM 2024: Junior-SM"]
[Site "Fortnox Arena, Hejaregatan 5, Vaxjo, Sweden"]
[Date "2024.07.04"]
[Round "6.4"]
[White "Seo, Jung Hyun"]
[Black "Nilsson, Oliver"]
[Result "1-0"]
[TimeControl "90 minutes for 40 moves + 30 minutes for the rest of the game + 30 seconds per move from move one."]
[WhiteElo "2137"]
[BlackElo "2099"]

1. e4 c5 2. Nf3 e6 3. d4 cxd4 4. Nxd4 Nc6 5. Nc3 a6 6. Be3 Nf6 7. Qf3 Bb4 8. Nxc6 bxc6 9. Bd4 c5 10.
Be5 Bb7 11. O-O-O Bxc3 12. Qxc3 Nxe4 13. Qe3 f6 14. Bd6 Nxd6 15. Rxd6 Qc7 16. Qg3 e5 17. Qxg7 O-O-O 18. Qxf6 Rhf8 19.
Qh6 Rxf2 20. Bxa6 Qa5 21. Rhd1 Qa4 22. Bxb7+ Kxb7 23. b3 Qe4 24. Rxd7+ Rxd7 25. Rxd7+ Kc8 26. Rd3 Qf4+ 27. Qxf4 exf4 28.
Rd2 Rf1+ 29. Kb2 Rh1 30. g3 f3 31. Rf2 1-0

[Event "Schack-SM 2024: Junior-SM"]
[Site "Fortnox Arena, Hejaregatan 5, Vaxjo, Sweden"]
[Date "2024.07.04"]
[Round "6.5"]
[White "Falkevall, Axel"]
[Black "Grahn, Vidar"]
[Result "1-0"]
[TimeControl "90 minutes for 40 moves + 30 minutes for the rest of the game + 30 seconds per move from move one."]
[WhiteTitle "FM"]
[BlackTitle "FM"]
[WhiteElo "2318"]
[BlackElo "2264"]

1. d4 d5 2. c4 e6 3. Nf3 Nf6 4. Nc3 dxc4 5. e4 b5 6. e5 Nd5 7. Nxb5 Nb6 8. Be2 Nc6 9. Nc3 Be7 10.
O-O O-O 11. Be3 Rb8 12. b3 cxb3 13. axb3 Bb7 14. Qb1 Nb4 15. Ne4 h6 16. Rxa7 N6d5 17. Bd2 Nc6 18. Ra1 Ndb4 19. Be3 Nd5 20.
Bd2 Ndb4 21. Bc3 Nd5 22. Rd1 Nxc3 23. Nxc3 Nb4 24. Qc1 Bc6 25. Ne1 Ra8 26. Na4 Ra5 27. Bf3 Bd5 28. Bxd5 Rxd5 29.
Nf3 Qb8 30. Qc4 Rfd8 31. h3 Qb7 32. Rdc1 R5d7 33. Nc3 Rc8 34. Ra5 c5 35. Na4 Qc7 36. Rb5 Rb8 37. Qxb4 1-0

[Event "Schack-SM 2024: Junior-SM"]
[Site "Fortnox Arena, Hejaregatan 5, Vaxjo, Sweden"]
[Date "2024.07.03"]
[Round "5.2"]
[White "Rasti, Arvin"]
[Black "Frank, Anton 2006"]
[Result "1-0"]
[TimeControl "90 minutes for 40 moves + 30 minutes for the rest of the game + 30 seconds per move from move one."]
[WhiteTitle "FM"]
[WhiteElo "2210"]
[BlackElo "2131"]

1. Nf3 d5 2. g3 Nf6 3. Bg2 e6 4. O-O Be7 5. d3 O-O 6. Nbd2 c5 7. e4 Nc6 8. e5 Nd7 9. Re1 Qc7 10.
Qe2 b6 11. h4 Bb7 12. h5 Rac8 13. Nf1 Nd4 14. Nxd4 cxd4 15. Qg4 Nxe5 16. Qxd4 Bf6 17. Bf4 Nf3+ 18. Bxf3 Bxd4 19. Bxc7 Rxc7 20.
c3 Bf6 21. Nh2 h6 22. Ng4 Be7 23. a4 a6 24. Ne5 Rfc8 25. d4 Rb8 26. Rec1 Bd6 27. Nd3 Bc6 28. Be2 Be8 29. f4 Rbc8 30.
Kf2 b5 31. axb5 axb5 32. Ra6 Be7 33. Rca1 Kf8 34. Ke3 b4 35. cxb4 Bb5 36. Rb6 Be8 37. Nc5 Bc6 38. b5 Be8 39.
b4 Kg8 40. Rba6 Rb8 41. b6 Rcc8 42. b7 Rd8 43. Ra8 Bc6 44. Rxb8 Rxb8 45. Ra6 Bxb7 46. Rb6 Ra8 47. Rxb7 Ra3+ 48.
Bd3 Bd6 49. Rd7 Bxc5 50. dxc5 Kf8 51. c6 Ke8 52. b5 Rb3 53. b6 Rxb6 54. Rb7 1-0

[Event "Schack-SM 2024: Junior-SM"]
[Site "Fortnox Arena, Hejaregatan 5, Vaxjo, Sweden"]
[Date "2024.07.03"]
[Round "5.3"]
[White "Nilsson, Oliver"]
[Black "Soderstrom, Adrian"]
[Result "0-1"]
[TimeControl "90 minutes for 40 moves + 30 minutes for the rest of the game + 30 seconds per move from move one."]
[BlackTitle "FM"]
[WhiteElo "2099"]
[BlackElo "2351"]

1. e4 e5 2. Nf3 Nc6 3. Bb5 a6 4. Ba4 Nf6 5. O-O Be7 6. Re1 b5 7. Bb3 O-O 8. a4 Bb7 9. d3 d5 10.
Nbd2 dxe4 11. dxe4 Bc5 12. c3 Qd6 13. Qe2 Ne7 14. axb5 Ng6 15. Nc4 Qe7 16. Bg5 h6 17. Na5 hxg5 18.
Nxb7 Nf4 19. Qc4 Bb6 20. bxa6 Ng4 21. Rf1 Qf6 22. Nc5 Qd6 23. Na4 Bxf2+ 24. Rxf2 Nxf2 25. Kxf2 g4 26. Ne1 Rxa6 27.
Rd1 Qh6 28. Kg1 Rg6 29. Qf1 Rf6 30. Nf3 gxf3 31. Qxf3 Nxg2 32. Qxg2 Rg6 0-1

[Event "Schack-SM 2024: Junior-SM"]
[Site "Fortnox Arena, Hejaregatan 5, Vaxjo, Sweden"]
[Date "2024.07.03"]
[Round "5.4"]
[White "Strom-Engdahl, Alexander"]
[Black "Grahn, Vidar"]
[Result "1-0"]
[TimeControl "90 minutes for 40 moves + 30 minutes for the rest of the game + 30 seconds per move from move one."]
[BlackTitle "FM"]
[WhiteElo "2191"]
[BlackElo "2264"]

1. e4 c5 2. Nf3 d6 3. Bb5+ Nd7 4. a4 Ngf6 5. Nc3 a6 6. Be2 g6 7. O-O Bg7 8. a5 b5 9. axb6 Bb7 10.
d3 a5 11. Qd2 O-O 12. Qg5 Qxb6 13. Nd2 Rfb8 14. Nc4 Qd8 15. Bf3 Ne8 16. Qh4 Ne5 17. Nxe5 Bxe5 18. Bg5 f6 19. Bd2 Bc8 20.
Rfb1 Ng7 21. Bg4 Be6 22. f4 Bd4+ 23. Kh1 Bxc3 24. Bxc3 a4 25. Ra3 Qc8 26. Bf3 Ra7 27. Rba1 Bd7 28.
e5 Nf5 29. Qf2 fxe5 30. fxe5 Bc6 31. b3 Qb7 32. Rxa4 Rxa4 33. Rxa4 Nd4 34. Bxd4 cxd4 35. Bxc6 Qxc6 36. Rc4 Qb5 37.
Qxd4 Rf8 38. h3 dxe5 39. Qc5 Qb8 40. Qd5+ Kg7 41. Re4 Rf5 42. Qc5 Qd6 43. Qxd6 exd6 44. Kg1 Rf7 45. Re1 Rc7 46.
c4 Rb7 47. Rb1 Rb4 48. Kf2 d5 49. Ke3 Kf6 50. Kd2 d4 51. Ke2 h5 52. Kf3 Kf5 53. g3 g5 54. g4+ hxg4+ 55.
hxg4+ Ke6 56. Ke4 Rb8 57. Rf1 Rxb3 58. Rf5 Kd6 59. Rxe5 Rxd3 60. Rd5+ 1-0